 Dungeon Crawl Stone Soup version 0.18.1-2-ga659475 (webtiles) character file.

412 IcyTea the Gusty (level 6, 0/32 HPs)
             Began as a Tengu Air Elementalist on May 8, 2016.
             Slain by an orc wizard
             ... wielding a +0 dagger
              (1 damage)
             ... on level 4 of the Dungeon.
             The game lasted 00:19:01 (3047 turns).

IcyTea the Gusty (Tengu Air Elementalist)           Turns: 3047, Time: 00:19:02

Health: 0/32       AC:  2    Str:  8    XL:     6   Next: 90%
Magic:  9/10       EV: 12    Int: 18    God:
Gold:   194        SH:  0    Dex: 14    Spells: 3 memorised, 4 levels left

rFire  . . .     SeeInvis .     n - +3 dagger (venom)
rCold  . . .     Gourm    .     a - +0 robe
rNeg   . . .     Faith    .     (no shield)
rPois  .         Spirit   .     q - +0 hat
rElec  .         Dismiss  .     (no cloak)
rCorr  .         Reflect  .     (no gloves)
SustAt .         Harm     .     (boots unavailable)
MR     .....                    (no amulet)
Stlth  +++.......               e - ring of stealth
                                f - +5 ring of slaying

@: sluggish, very slow, not resistant to hostile enchantments, fairly stealthy
A: beak, talons 3, able to fly 1
a: Fly


You were on level 4 of the Dungeon.
You were not hungry.

You visited 1 branch of the dungeon, and saw 4 of its levels.

You collected 194 gold pieces.

Inventory:

Hand Weapons
 n - a +3 dagger of venom (weapon)
 p - a +0 dagger of holy wrath
Armour
 a - a +0 robe (worn)
 q - a +0 hat (worn)
Jewellery
 e - a ring of stealth (right hand)
 f - a +5 ring of slaying (left hand)
 g - a +2 ring of strength
Scrolls
 h - a scroll of random uselessness {unknown}
 i - 3 scrolls of remove curse
 k - a scroll of fog
 l - 5 scrolls of identify
 m - a scroll of enchant weapon
Potions
 j - a potion of curing
Books
 b - a book of Air

   Spells                             Type                      Level
   a - Shock                          Conjuration/Air              1
   b - Swiftness                      Charms/Air                   2
   c - Repel Missiles                 Charms/Air                   2
   d - Static Discharge               Conjuration/Air              3
   e - Lightning Bolt                 Conjuration/Air              5
Comestibles
 c - 4 bread rations
 d - a royal jelly
 o - 3 meat rations


   Skills:
 + Level 4.8 Short Blades
 - Level 2.1 Dodging
 - Level 2.0 Stealth
 - Level 2.0 Spellcasting
 - Level 4.4 Conjurations
 - Level 6.4 Air Magic


You had 4 spell levels left.
You knew the following spells:

 Your Spells              Type           Power        Failure   Level  Hunger
a - Shock                 Conj/Air       ###.         1%          1    #......
b - Swiftness             Chrm/Air       ##......     10%         2    ###....
c - Repel Missiles        Chrm/Air       ##....       10%         2    ###....


Dungeon Overview and Level Annotations

Branches:
Dungeon (4/15)
 Temple: D:4-7

Altars:
Ashenzari
Cheibriados
Elyvilon
Gozag
Trog

Annotations:
D:4 brew9's ghost, amateur SpEn


Innate Abilities, Weirdness & Mutations

You have a beak for a mouth.
You have claws for feet.
You can fly.


Message History

The orc wizard miscasts a cantrip.
You start to feel a little slower.
For a moment, brew9's ghost blends into the shadows.
You feel sluggish.
The orc wizard points at you and mumbles some strange words.
The magic dart hits you!
* * * LOW HITPOINT WARNING * * *
The orc wizard hits you with a dagger.
* * * LOW HITPOINT WARNING * * *
Drink which item? (? for menu, Esc to quit)
You feel better. The orc wizard hits you with a dagger.
The orc wizard hits you but does no damage.
Brew9's ghost gestures at you while chanting.
You resist with some effort.
You start to feel a little faster.
The orc wizard points at you and mumbles some strange words.
The puff of flame hits you!
* * * LOW HITPOINT WARNING * * *
The orc wizard hits you with a dagger.
You die...

................##.#.#.#.#
..#.....#####...##.#.#.#.##
..........# #...#.##.#.##.######
..........# #####.##.#.##.##....
..........# #..W..'.'.'........
..........####.##.##.#.##.##....
...............W#.##.#.##.#.....
..#####+#######o##W#.#.#.##.....
#. #@##.#.#.#.##.....
#.###..#..###..... ..# ##.#.##
#####. 8### #....# . . ..#
#.#### . .8..#.###W# ......W...#
.#####.##### #


You could see an orc wizard and brew9's ghost.

Vanquished Creatures
  Menkaure (D:4)
  A giant frog skeleton (D:4)
  An orc priest (D:4)
  An orc wizard (D:3)
  A worker ant (D:4)
  Terence (D:3)
  A hound skeleton (D:4)
  A worker ant zombie (D:3)
  An adder (D:3)
  3 oozes
  4 worms
  3 dart slugs
  5 giant geckos
  3 orcs (D:3)
  9 giant cockroaches
  5 goblins
  10 hobgoblins
  7 jackals
  A quokka (D:3)
  2 ball pythons
  6 bats
  2 giant newts (D:1)
  9 kobolds
  6 rats
84 creatures vanquished.

Notes
Turn   | Place    | Note
--------------------------------------------------------------
     0 | D:1      | IcyTea the Tengu Air Elementalist began the quest for the Orb.
     0 | D:1      | Reached XP level 1. HP: 10/10 MP: 4/4
    25 | D:1      | Reached XP level 2. HP: 15/15 MP: 0/6
    28 | D:1      | Reached skill level 5 in Air Magic
    33 | D:1      | Learned a level 2 spell: Swiftness
    36 | D:1      | Learned a level 2 spell: Repel Missiles
   444 | D:1      | Reached XP level 3. HP: 19/19 MP: 5/7
  1100 | D:1      | Reached skill level 6 in Air Magic
  1387 | D:2      | Found a bloodstained altar of Trog.
  1392 | D:2      | Reached XP level 4. HP: 24/24 MP: 5/8
  1502 | D:2      | Found a shattered altar of Ashenzari.
  1759 | D:2      | Found an opulent altar of Gozag.
  2025 | D:3      | Noticed Terence
  2038 | D:3      | Gained mutation: You can fly. [Tengu growth]
  2038 | D:3      | Reached XP level 5. HP: 21/28 MP: 2/9
  2040 | D:3      | Killed Terence
  2148 | D:3      | Found a snail-covered altar of Cheibriados.
  2700 | D:3      | Reached skill level 1 in Short Blades
  2747 | D:4      | Found a white marble altar of Elyvilon.
  2771 | D:4      | Reached XP level 6. HP: 16/32 MP: 6/10
  2776 | D:4      | Noticed Menkaure
  2910 | D:4      | Killed Menkaure
  3031 | D:4      | Noticed brew9's ghost (amateur SpEn)
  3047 | D:4      | HP: 1/32 [orc wizard/puff of flame (9)]
  3047 | D:4      | Slain by an orc wizard

Skill      XL: |  1  2  3  4  5  6 |
---------------+-------------------+-----
Air Magic      | 5 6 |  6.4
Conjurations   | 3 4 |  4.4
Short Blades   | 2 4 |  4.8
Dodging        | |  2.1
Stealth        | |  2.0
Spellcasting   | |  2.0

Action                   |  1- 3 |  4- 6 || total
-------------------------+-------+-------++-------
Melee: Unarmed           |     7 |       ||     7
       Kick              |     9 |     7 ||    16
       Club              |    15 |       ||    15
       Peck              |     3 |     3 ||     6
       Short sword       |     6 |    28 ||    34
       Dagger            |       |    15 ||    15
 Cast: Shock             |    53 |    61 ||   114
       Swiftness         |       |     2 ||     2
  Use: Scroll            |     4 |     2 ||     6
       Potion            |       |     6 ||     6
 Stab: Sleeping          |     2 |     6 ||     8
  Eat: Chunk             |     2 |     7 ||     9
Armor: Robe              |    13 |     6 ||    19
Dodge: Dodged            |    31 |    29 ||    60
